 Dungeon Crawl Stone Soup version 0.29.1-13-g9f3cf754e1 (webtiles) character file.

Game seed: 6673019106091999015

77 hbarley the Trooper (level 4, -1/41 HPs)
             Began as a Hill Orc Fighter on Feb 2, 2023.
             Slain by a gnoll
             ... wielding a +0 halberd
              (7 damage)
             ... on level 2 of the Dungeon.
             The game lasted 00:02:39 (1241 turns).

hbarley the Trooper (Hill Orc Fighter)              Turns: 1241, Time: 00:02:40

Health: -1/41      AC:  8    Str: 18    XL:     4   Next: 33%
Magic:  4/4        EV:  9    Int:  8    God:
Gold:   90         SH:  4    Dex: 12    Spells: 3/3 levels left

rFire   . . .      SeeInvis .   a - +0 war axe
rCold   . . .      Faith    .   c - +0 buckler
rNeg    . . .      Spirit   .   b - +0 scale mail
rPois   .          Reflect  .   (no helmet)
rElec   .          Harm     .   j - +0 cloak
rCorr   .          Rampage  .   (no gloves)
Will    .....                   (no boots)
Stlth   ..........              (no amulet)
HPRegen 0.13/turn               (no ring)
MPRegen 0.09/turn               (no ring)

@: no status effects
A: no striking features
a: no special abilities


You were on level 2 of the Dungeon.
You visited 1 branch of the dungeon, and saw 2 of its levels.

You collected 112 gold pieces.
You spent 22 gold pieces at shops.

Inventory:

Hand Weapons
 a - a +0 war axe (weapon)
Armour
 b - a +0 scale mail (worn)
 c - a +0 buckler (worn)
 j - a +0 cloak (worn)
Jewellery
 i - a ring of protection from fire
Scrolls
 e - a scroll of fog {unknown}
 f - a scroll of amnesia {unknown}
 h - a scroll of fear {unknown}
 k - 2 scrolls of identify
Potions
 d - a potion of might
 g - a potion of degeneration {unknown}
 l - a potion of berserk rage {unknown}


   Skills:
 + Level 4.3 Fighting
 + Level 3.9 Axes
 + Level 3.7 Armour
 + Level 0.8 Dodging
 + Level 3.7 Shields


You had 3 spell levels left.
You didn't know any spells.
Your spell library was empty.

Dungeon Overview and Level Annotations

Branches:
Dungeon (2/15)

Altars:

Shops:
D:2 ?


Message History

Found an escape hatch in the ceiling.
A rat and a gnoll come into view.
The gnoll shouts!
A gnoll comes into view. It is wielding a +0 halberd.
You see here a green potion.
You see here an orb of mayhem.
The rat bites you but does no damage.
You slash the rat!
You kill the rat!
A gnoll is nearby!
The gnoll hits you with a +0 halberd.
You see here an orb of mayhem.
You closely miss the gnoll. The gnoll barely misses you.
You hit the gnoll but do no damage. The gnoll hits you with a +0 halberd!
You slash the gnoll!
You kill the gnoll!
A goblin comes into view. It is wielding a +0 club.
The goblin shouts!
You hear a shout! x2
Things that are here:
a +0 halberd; a green potion; a gnoll corpse A goblin is nearby!
You hear a shout!
A gnoll comes into view. It is wielding a +0 halberd.
Found a whip.
The gnoll hits you from afar with a +0 halberd.
The gnoll barely misses you. The goblin completely misses you.
There is an escape hatch in the ceiling, spattered with blood here.
The gnoll completely misses you. The gnoll hits you with a +0 halberd!
The goblin misses you.
You slash the gnoll!
The gnoll is severely wounded.
You barely miss the goblin. You closely miss the gnoll.
The goblin hits you with a +0 club. The gnoll hits you with a +0 halberd!
* * * LOW HITPOINT WARNING * * *
The gnoll completely misses you.
You barely miss the gnoll.
The gnoll is severely wounded.
You closely miss the gnoll. You barely miss the goblin.
The goblin closely misses you. The gnoll hits you with a +0 halberd!
You die...

#.##...<..##.).##..#
####.#.##.............#
#........)........##..# #
#.##.........#..#.##...
#.#.##..#.#.#).#..#.##.##
#....[).##.....#.......##
###.###.##.......##8.8.8#
#.# #.##..#.##.#..⌠.⌠.#
..# #<@g.........8.∩.8#
.### #g.g....##....⌠.⌠..
#. #.......##...8.8.8. .
#.......##......... ##
#.......###.....###
#.......# ##...##
#)......# ##.## #........
#.# #.#


You could see 2 gnolls and a goblin.

Vanquished Creatures
  2 gnolls (D:2)
  2 worms (D:2)
  4 dart slugs
  5 endoplasms
  A giant cockroach (D:2)
  2 goblins
  2 hobgoblins
  4 jackals (D:2)
  6 kobolds
  2 quokkas (D:1)
  A ball python (D:1)
  2 bats (D:1)
  11 rats
44 creatures vanquished.

Vanquished Creatures (others)
  10 toadstools (D:2)
10 creatures vanquished.

Grand Total: 54 creatures vanquished

Notes
Turn   | Place    | Note
-------+----------+-------------------------------------------
     0 | D:1      | hbarley the Hill Orc Fighter began the quest for the Orb.
     0 | D:1      | Reached XP level 1. HP: 19/19 MP: 1/1
   119 | D:1      | Found a faded altar of an unknown god.
   120 | D:1      | Noticed a great orb of eyes
   126 | D:1      | Noticed an eye of devastation
   126 | D:1      | Noticed a shining eye
   126 | D:1      | Noticed an eye of devastation
   221 | D:1      | Reached XP level 2. HP: 26/27 MP: 2/2
   253 | D:1      | Reached skill level 4 in Fighting
   702 | D:2      | Reached XP level 3. HP: 33/33 MP: 3/3
   768 | D:2      | Found Saggog's Magic Scroll Emporium.
   785 | D:2      | Reached XP level 4. HP: 12/40 MP: 4/4
  1014 | D:2      | Bought a scroll of identify for 22 gold pieces
  1241 | D:2      | Slain by a gnoll

Illustrated notes

Levels and vault maps discovered:
D:1:      roderic_chinese_lattice_arrival, layout_basic,
          hellmonk_ecumenical_altar_watching_god, minmay_domino_4
D:2:      cheibrodos_fertilizer, layout_loops_cross, serial_shops,
          nicolae_shop_temple_entry_statues_fountains

Skill      XL: |  1  2  3 |
---------------+----------+-----
Fighting       | 4 |  4.3
Axes           | 3 |  3.9
Armour         | |  3.7
Dodging        | |  0.8
Shields        | |  3.7

Action                   |  1- 3 |  4- 6 || total
-------------------------+-------+-------++-------
Melee: War axe           |    59 |    19 ||    78
Armor: Scale mail        |    28 |     6 ||    34
Dodge: Dodged            |    31 |    14 ||    45
Block: Buckler           |    19 |     2 ||    21
